 Dungeon Crawl Stone Soup version 0.28-a0-604-g249bb1af34 (webtiles) character file.

Game seed: 17745021605386778218

1886 CurlyBrace the Scratcher (level 8, 13/40 HPs)
             Began as a Felid Fire Elementalist on Oct 5, 2021.
             Was a Follower of Cheibriados.
             Quit the game on level 9 of the Dungeon.
             The game lasted 00:45:27 (2500 turns).

CurlyBrace the Scratcher (Felid Fire Elementalist)  Turns: 2500, Time: 00:45:27

Health: 13/40      AC:  6    Str:  9    XL:     8   Next: 92%
Magic:  3/16       EV: 22    Int: 21    God:    Cheibriados [*.....]
Gold:   204        SH:  0    Dex: 19    Spells: 8/17 levels left
                                        Lives:  0   Deaths: 2

rFire   + . .      SeeInvis +     - Unarmed
rCold   + . .      Faith    +   (shield unavailable)
rNeg    . . .      Spirit   .   (armour unavailable)
rPois   +          Reflect  .   (helmet unavailable)
rElec   +          Harm     .   (cloak unavailable)
rCorr   +          Rampage  .   (gloves unavailable)
Will    +....                   (boots unavailable)
Stlth   ++++......              g - amulet of faith
HPRegen 0.13/turn               p - +4 ring of protection
MPRegen 0.15/turn               (no ring)

@: resistant, slow
A: very small, claws 1, fangs 3, see invisible, speed 1, shaggy fur 2, stealthy
paws, no weapons or thrown items, no armour, multi-lived
a: Renounce Religion, Bend Time


You were on level 9 of the Dungeon.
You worshipped Cheibriados.
Cheibriados was aware of your devotion.
You visited 2 branches of the dungeon, and saw 11 of its levels.

You collected 204 gold pieces.

Inventory:

Missiles
 c - 34 stones
Jewellery
 b - an amulet of reflection
   (You found it on level 4 of the Dungeon)
 g - an amulet of faith (around neck)
   (You found it on level 8 of the Dungeon)
 p - a +4 ring of protection (left paw)
   (You found it on level 6 of the Dungeon)
Wands
 e - a wand of polymorph (3)
   (You found it on level 7 of the Dungeon)
Scrolls
 r - 4 scrolls of identify
Potions
 d - a potion of attraction
 h - a potion of haste


   Skills:
 * Level 7.2 Fighting
 + Level 6.9 Dodging
 + Level 7.1 Stealth
 * Level 7.3 Unarmed Combat
 - Level 5.0 Spellcasting
 - Level 2.0 Conjurations
 + Level 2.6 Hexes
 - Level 4.0 Fire Magic
 - Level 1.0 Invocations
 - Level 2.0 Evocations


You had 8 spell levels left.
You knew the following spells:

 Your Spells              Type           Power      Damage    Failure   Level
a - Foxfire               Conj/Fire      68%        2x1d7     3%          1
b - Scorch                Fire           44%        2d7       3%          2
c - Conjure Flame         Conj/Fire      17%        6-21      10%         3
d - Inner Flame           Hex/Fire       19%        N/A       9%          3

Your spell library contained the following spells:

 Spells                   Type           Power      Damage    Failure   Level
 Ignite Poison            Fire/Tmut/Pois 10%        N/A       19%         3
 Flame Wave               Conj/Fire      17%        3d5       30%         4
 Sticky Flame             Conj/Fire      17%        2d4       30%         4
 Call Canine Familiar     Summ           5%         N/A       32%         3
 Leda's Liquefaction      Hex/Erth       5%         N/A       54%         4
 Portal Projectile        Hex/Tloc       Unusable   N/A       N/A         3

Dungeon Overview and Level Annotations

Branches:
Dungeon (10/15)            Temple (1/1) D:5
   Lair: D:8-11         Orc: D:9-12

Altars:
Ashenzari
Cheibriados
Dithmenos
Elyvilon
Gozag
Kikubaaqudgha
Makhleb
Nemelex Xobeh
Okawaru
Qazlal
Ru
Sif Muna
Trog
Uskayaw
Wu Jian
Xom
Yredelemnul
Zin

Shops:
D:6 [

Annotations:
D:3 exclusion: upstairs


Innate Abilities, Weirdness & Mutations

You have sharp claws.
You have razor-sharp teeth.
You have supernaturally acute eyesight. (SInv)
You cover ground quickly. (Speed+)
You are covered in thick fur. (AC +2)
Your paws help you pounce on unaware monsters.
You are incapable of wielding weapons or throwing items.
You cannot wear armour.
You gain extra lives every three experience levels.


Message History

A howler monkey zombie comes into view.
Found 14 gold pieces.
The yak is engulfed in blazing flames.
You kill the yak!
Cheibriados appreciates the change of pace.
Training target 1.0 for Invocations reached!
Your Invocations skill increases to level 1!
Unknown command.
Unknown command.
Aiming: Charm
Press: ? - help, Shift-Dir - straight line, f - yak
Aim: a yak (lightly wounded, chance to affect: 51%)
The yak resists with significant effort.
The now-empty wand crumbles to dust.
The howler monkey zombie misses you. The yak misses you.
Unknown command.
Unknown command.
Unknown command.
Aiming: Polymorph
Press: ? - help, Shift-Dir - straight line, f/p - yak
Aim: a yak (lightly wounded, will become a cane toad, a meliai, or a queen bee, chance to affect: 51%)
The yak evaporates and reforms as a queen bee!
The yak is engulfed in blazing flames.
The howler monkey zombie misses you.
Unknown command.
Unknown command.
Aiming: Polymorph
Press: ? - help, Shift-Dir - straight line, f/p - queen bee
Aim: a queen bee (will become a hornet, a harpy, or a meliai, chance to affect: 51%)
The queen bee evaporates and reforms as a meliai!
The meliai barely misses you. The meliai closely misses you.
The howler monkey zombie barely misses you.
The meliai hits you! The meliai completely misses you.
Unknown command.
Aiming: Polymorph
Press: ? - help, Shift-Dir - straight line, f/p - meliai
Aim: a meliai (will become a swamp dragon, a harpy, or a steam dragon, chance to affect: 51%)
The meliai evaporates and reforms as a swamp dragon!
The howler monkey zombie closely misses you.
The swamp dragon misses you. The swamp dragon barely misses you. x2
Unknown command.
Are you sure you want to abandon this character and quit the game? (Confirm with "yes".)

#... ##...# ##....#
###..>..#
#.......### #
#.........######....
#.........sD@Z......
#.......YZ####...$.
#...°§°#### ##.
#...§Y.# #...Y.##
#....Y######
#....l†.Y..#
#.....###YY.#
#......# ...#


You could see a swamp dragon, a yak, a scorpion and 2 howler monkey zombies.

Vanquished Creatures
  2 steam dragons
  A wraith (D:9)
  7 yaks
  2 orc warriors
  A black bear (D:9)
  A sky beast (D:7)
  A necrophage (D:5)
  2 centaurs
  2 phantoms
  A gnoll sergeant (D:9)
  4 bullfrogs (D:7)
  A water moccasin zombie (D:5)
  3 wights (D:8)
  2 hounds
  2 jellies
  Ijyb (D:5)
  3 orc wizards
  2 killer bee zombies (D:8)
  5 howler monkey zombies
  4 adders
  4 gnolls
  A howler monkey skeleton (D:7)
  A shadow imp (D:6)
  An ufetubus (D:5)
  14 orcs
  2 bats
  An endoplasm (D:4)
  A giant cockroach (D:2)
  A hobgoblin (D:6)
  A jackal (D:2)
  8 kobolds
  A quokka (D:4)
  2 rats
85 creatures vanquished.

Vanquished Creatures (collateral kills)
  2 yaks
  A centaur (D:9)
  A kobold brigand (D:9)
  A gnoll sergeant (D:7)
  A wight (D:9)
  2 orc priests
  4 gnolls (D:7)
  4 orcs
  A foxfire (D:7)
17 creatures vanquished.

Vanquished Creatures (others)
  A steam dragon (D:9)
  A yak (D:9)
  A kobold brigand (D:9)
  2 wights (D:8)
  A centaur zombie (D:7)
  120 foxfires
  3 fungi (D:9)
  4 plants (D:9)
133 creatures vanquished.

Grand Total: 235 creatures vanquished

Notes
Turn   | Place    | Note
-------+----------+-------------------------------------------
     0 | D:1      | CurlyBrace the Felid Fire Elementalist began the quest for
                  | the Orb.
     0 | D:1      | Reached XP level 1. HP: 7/7 MP: 4/4
    61 | D:1      | Found a faded altar of an unknown god.
   106 | D:2      | Reached skill level 1 in Conjurations
   236 | D:4      | Reached XP level 2. HP: 9/11 MP: 4/6
   239 | D:4      | Learned a level 2 spell: Scorch
   331 | D:4      | Noticed a scorpion
   341 | D:5      | Entered Level 5 of the Dungeon
   363 | D:5      | Noticed a necrophage
   372 | D:5      | Killed a necrophage
   373 | D:5      | Reached skill level 1 in Fighting
   373 | D:5      | Reached skill level 1 in Unarmed Combat
   373 | D:5      | Reached XP level 3. HP: 8/15 MP: 0/8
   373 | D:5      | Reached XP level 4. HP: 10/19 MP: 0/9
   394 | D:5      | Learned a level 3 spell: Conjure Flame
   398 | D:5      | Learned a level 3 spell: Inner Flame
   517 | D:6      | Noticed an orc warrior
   531 | D:6      | Reached skill level 1 in Hexes
   531 | D:6      | Reached skill level 1 in Evocations
   531 | D:6      | Reached XP level 5. HP: 21/22 MP: 1/11
   643 | D:6      | Found an iron altar of Okawaru.
   691 | D:6      | Found Oxuask's Armour Boutique.
   776 | D:5      | Noticed a centaur
   786 | D:5      | Killed a centaur
   787 | D:5      | Gained mutation: You are covered in thick fur. (AC +2)
                  | [Felid growth]
   787 | D:5      | Reached XP level 6. HP: 20/26 MP: 12/12
   852 | D:5      | Noticed Ijyb
   858 | D:5      | Killed Ijyb
  1059 | D:7      | Noticed a steam dragon
  1088 | D:7      | Noticed a sky beast
  1093 | D:7      | Reached XP level 7. HP: 16/31 MP: 3/14
  1218 | D:7      | Reached skill level 5 in Stealth
  1285 | D:7      | Killed a steam dragon
  1286 | D:7      | Reached skill level 5 in Dodging
  1286 | D:7      | Reached XP level 8. HP: 14/36 MP: 5/15
  1385 | D:7      | Killed by an exploding bullfrog... ignited by their inner
                  | flame
  1386 | D:7      | Reached XP level 7. HP: -21/32 MP: 3/14
  1599 | D:4      | Reached skill level 5 in Fighting
  1599 | D:4      | Reached skill level 5 in Unarmed Combat
  1664 | D:4      | Found a bloodstained altar of Trog.
  1717 | D:5      | Reached XP level 8. HP: 34/37 MP: 8/15
  1791 | D:5      | Found a staircase to the Ecumenical Temple.
  1799 | Temple   | Entered the Ecumenical Temple
  1849 | Temple   | Became a worshipper of Cheibriados the Contemplative
  2105 | D:10     | Entered Level 10 of the Dungeon
  2169 | D:8      | Reached XP level 9. HP: 33/42 MP: 1/16
  2269 | D:8      | Reached * piety under Cheibriados
  2336 | D:9      | Noticed a two-headed ogre
  2365 | D:9      | Noticed a kobold demonologist
  2431 | D:9      | Reached skill level 5 in Spellcasting
  2451 | D:9      | Slain by a two-headed ogre
  2452 | D:9      | Reached XP level 8. HP: -2/39 MP: 1/16
  2495 | D:9      | Reached skill level 1 in Invocations
  2497 | D:9      | Noticed a queen bee
  2497 | D:9      | a yak changed into a queen bee
  2498 | D:9      | Noticed a meliai
  2498 | D:9      | a queen bee changed into a meliai
  2499 | D:9      | Noticed a swamp dragon
  2499 | D:9      | a meliai changed into a swamp dragon
  2500 | D:9      | Quit the game

Illustrated notes

Levels and vault maps discovered:
D:1:      dpeg_arrival_shelter, layout_loops_ring,
          dreamdust_ecumenical_altar_statues
D:2:      layout_rooms, minivault_25, minmay_small_reverse_x
D:3:      layout_rooms, jmf_multi_god_temple
D:4:      layout_cave_pools, trog_three_pillars_becter, kennysheep_boxes
D:5:      layout_loops_ring, minmay_temple_entry_fiery, uniq_ijyb
D:6:      layout_basic, okawaru_trees_1, serial_shops, shop,
          corexii_checkpoint_b, serial_bayou_pond_e
D:7:      layout_basic, minmay_fractal_squares_gapless_5
D:8:      layout_basic, special_room [special_room_orc]
D:9:      kennysheep_windowed_halls, layout_layer_cave, david_lair_generic,
          orc_0_dummy
D:10:     layout_basic, grunt_decor_cap
Temple:   regret_index_temple_mists

Skill      XL: |  1  2  3  4  5  6  7  8  9 |
---------------+----------------------------+-----
Conjurations   | 1 2 |  2.0
Stealth        | 3 5 7 |  7.1
Fire Magic     | 3 4 |  4.0
Fighting       | 1 2 3 5 7 |  7.2
Unarmed Combat | 1 5 6 7 |  7.3
Spellcasting   | 3 4 5 |  5.0
Dodging        | 3 5 6 |  6.9
Hexes          | 1 2 |  2.6
Evocations     | 1 2 |  2.0
Invocations    | 1 |  1.0

Action                   |  1- 3 |  4- 6 |  7- 9 || total
-------------------------+-------+-------+-------++-------
Melee: Unarmed           |     6 |    30 |    71 ||   107
       Bite              |       |     2 |     6 ||     8
       Punch             |       |       |     2 ||     2
 Cast: Foxfire           |    15 |    25 |    31 ||    71
       Scorch            |     3 |     2 |    27 ||    32
       Inner Flame       |       |     8 |    17 ||    25
       Conjure Flame     |       |     1 |    10 ||    11
Evoke: Wand              |       |     5 |    43 ||    48
  Use: Scroll            |     3 |     4 |     3 ||    10
       Potion            |       |     3 |     7 ||    10
 Stab: Sleeping          |     1 |     2 |     4 ||     7
Armor: Skin              |     2 |     9 |    12 ||    23
Dodge: Dodged            |    13 |    36 |    78 ||   127
Block: Other             |       |     6 |    14 ||    20
       Reflection        |       |       |     2 ||     2

Table legend: (Time is in decaauts)
 A = Elapsed time spent in this place.
 B = Non-inter-level travel time spent in this place.
 C = Inter-level travel time spent in this place.
 D = Time resting spent in this place.
 E = Time spent auto-exploring this place.
 F = Levels seen in this place.
 G = Mean time per level.
                   A        B        C        D        E       F      G
               +--------+--------+--------+--------+--------+-----+--------+
         Total |   2290 |   2171 |    119 |     20 |      0 |  11 |  208.2 |
       Dungeon |   2204 |   2106 |     98 |     20 |      0 |  10 |  220.4 |
        Temple |     85 |     64 |     21 |      0 |      0 |   1 |   85.0 |
               +--------+--------+--------+--------+--------+-----+--------+

Top non-repeatable levels by time:
     D:7: 444 daAuts
     D:5: 414 daAuts
     D:8: 408 daAuts
     D:9: 272 daAuts
     D:4: 253 daAuts
     D:6: 235 daAuts
  Temple: 85 daAuts
     D:3: 71 daAuts
     D:1: 55 daAuts
     D:2: 47 daAuts
    D:10: 2 daAuts
